Map: Tempio ghiacciato

Players

TrueSypher

  • Race: Zerg Zerg
  • League: Gold

Jhyrachy - Winner!

  • Race: Zerg Zerg
  • League: Gold

VOD

Have the link to the VOD?

Description

Time

  • Played on: April 20, 2016, 7 a.m.
  • Length: 22:38
Show
View Real Time Build Order
Export as new Build Order

TrueSypher Zerg 

Build Orders: Pool First 

Get SALT Encoding   

  12  0:01  Drone  
  13  0:08  Drone  
  14  0:17  Overlord  
  14  0:35  Drone  
  14  0:36  Drone x2  
  17  0:50  Drone  
  17  0:52  Spawning Pool  
  17  1:11  Hatchery  
  17  1:12  Drone  
  17  1:20  Drone x2  
  17  1:25  Extractor  
  18  1:30  Drone  
  19  1:41  Overlord  
  19  1:42  Queen  
  21  1:51  Zergling x2  
  22  2:02  Drone  
  23  2:15  Zergling x2  
  24  2:25  Extractor, Drone x2  
  24  2:26  Queen  
  27  2:34  Drone  
  28  2:40  Metabolic Boost  
  28  2:43  Drone  
  29  2:49  Drone  
  30  2:56  Zergling x10  
  35  3:05  Queen  
  36  3:14  Overlord x2  
  36  3:23  Lair  
  36  3:32  Drone x5  
  41  3:36  Drone  
  42  3:49  Drone x2  
  42  3:50  Overlord  
  44  4:08  Overlord  
  44  4:09  Drone  
  45  4:10  Drone x5  
  50  4:18  Drone  
  51  4:25  Extractor  
  51  4:26  Extractor  
  49  4:38  Drone, Spire  
  48  4:39  Drone x3  
  52  4:46  Drone x3  
  55  4:56  Drone x4  
  55  4:59  Zergling x2  
  60  5:51  Hatchery  
  60  5:52  Zergling x2  
  60  5:53  Overlord x4  
  60  6:00  Zerg Flyer Weapons Level 1  
  60  6:25  Mutalisk x11  
  82  6:50  Drone  
  82  6:51  Drone x5  
  88  6:56  Zergling x4  
  90  7:07  Mutalisk x4  
  98  7:09  Overlord x2  
  98  7:28  Mutalisk x5  
  108  7:40  Infestation Pit  
  108  7:43  Evolution Chamber  
  108  7:44  Zergling x16  
  114  7:52  Extractor  
  114  7:56  Extractor  
  112  8:20  Zergling x4  
  112  8:23  Overlord x2  
  81  8:51  Zergling x2  
  81  8:52  Zergling x28  
  96  9:10  Zergling x2  
  96  9:11  Zergling x10  
  92  9:33  Zergling x2  
  92  9:34  Zergling x10  
  98  9:40  Zerg Flyer Weapons Level 2  
  98  9:42  Zerg Melee Weapons Level 1  
  98  9:43  Zergling x6  
  101  9:59  Drone x4  
  105  10:15  Zergling x14  
  97  10:28  Mutalisk  
  95  10:29  Mutalisk x8  
  95  10:35  Overseer x3  
  110  10:39  Pneumatized Carapace  
  110  10:44  Hive  
  110  10:48  Drone x4  
  114  11:22  Mutalisk, Drone x5  
  114  11:23  Mutalisk x4  
  129  11:25  Zergling x2  
  129  11:26  Overlord x2  
  129  11:27  Overlord x4  
  130  11:42  Hatchery  
  129  11:53  Mutalisk x8  
  129  11:54  Mutalisk x2  
  139  11:58  Corruptor, Overlord  
  151  12:07  Drone x3  
  151  12:08  Drone x2  
  156  12:30  Overseer  
  156  12:31  Overseer x3  
  156  12:36  Mutalisk x4  
  164  12:53  Drone x5  
  164  12:54  Drone x3  
  164  12:55  Drone x3, Extractor  
  174  13:02  Extractor  
  163  13:58  Zergling x2  
  163  13:59  Zergling x28  
  165  14:32  Zergling x2  
  165  14:33  Zergling x16  
  174  15:02  Greater Spire  
  174  15:06  Hatchery  
  173  15:10  Roach Warren  
  172  15:14  Queen  
  174  15:46  Overlord x2  
  174  15:47  Overlord  
  174  15:50  Glial Reconstitution  
  174  15:57  Zerg Ground Armor Level 1  
  174  15:59  Adrenal Glands  
  174  16:09  Roach x3  
  174  16:10  Roach x16  
  174  16:11  Roach x6  
  135  16:27  Roach x8  
  127  16:51  Mutalisk  
  127  16:52  Mutalisk x11  
  151  17:03  Queen  
  151  17:08  Mutalisk x7  
  153  17:09  Mutalisk  
  169  17:36  Extractor  
  168  17:37  Extractor  
  155  18:16  Corruptor  
  155  18:17  Corruptor x8  
  173  18:37  Zerg Flyer Weapons Level 3  
  173  18:42  Zerg Missile Weapons Level 1  
  173  18:44  Hatchery, Extractor  
  173  18:46  Extractor  
  170  19:05  Brood Lord x2  
  170  19:09  Overlord x3  
  174  19:10  Overlord x6  
  174  19:11  Overlord x3  
  174  19:49  Corruptor x5  
  174  19:50  Corruptor x3  
  186  20:02  Overseer x2  
  186  20:03  Overseer x5  
  186  20:06  Zergling x18  
  186  20:07  Zergling x10  
  110  20:43  Brood Lord x2  
  110  20:45  Zergling x2  
  110  20:46  Zergling x28  
  110  20:47  Zergling x6  
  114  21:00  Brood Lord  
  114  21:02  Brood Lord  
  110  21:24  Zergling x4  
  110  21:25  Zergling x14  
Show
View Real Time Build Order
Export as new Build Order

Jhyrachy Zerg - Winner!

Build Orders: Hatch First, Lurkers 

Get SALT Encoding   

  12  0:01  Drone  
  13  0:08  Drone  
  14  0:17  Overlord  
  14  0:36  Drone x3  
  17  0:58  Hatchery  
  17  0:59  Drone  
  17  1:02  Extractor  
  16  1:15  Drone  
  16  1:17  Spawning Pool  
  16  1:20  Drone  
  17  1:27  Drone  
  18  1:33  Drone  
  19  1:43  Overlord  
  19  2:03  Queen  
  19  2:08  Zergling x2  
  22  2:09  Drone  
  22  2:12  Queen  
  22  2:14  Drone  
  26  2:34  Drone  
  26  2:35  Drone x3  
  30  2:40  Lair  
  29  3:09  Burrow  
  29  3:16  Extractor x2  
  27  3:21  Extractor  
  27  3:24  Drone x9  
  35  3:42  Hydralisk Den  
  34  4:15  Lurker Den  
  34  4:18  Hydralisk  
  34  4:22  Overlord x3  
  36  4:47  Hydralisk  
  36  4:48  Hydralisk x7  
  36  4:51  Overlord  
  36  4:52  Hatchery  
  51  5:00  Drone  
  52  5:12  Drone x3  
  55  5:26  Drone x4  
  59  5:30  Overlord  
  59  5:33  Drone  
  60  5:51  Queen  
  60  5:55  Lurker x3  
  60  5:56  Lurker  
  66  6:00  Overlord x2  
  66  6:01  Overlord  
  66  6:11  Spire  
  65  6:50  Drone x5  
  65  6:51  Drone x7  
  65  6:52  Drone x3  
  65  6:53  Drone  
  81  6:59  Overlord x3  
  81  7:11  Extractor  
  81  7:13  Extractor  
  79  7:24  Mutalisk x4  
  79  7:25  Mutalisk x6  
  99  7:40  Drone x4  
  103  7:44  Drone  
  103  7:45  Drone  
  103  7:47  Drone  
  106  7:54  Hydralisk x6  
  118  8:21  Muscular Augments  
  106  8:41  Spore Crawler  
  91  8:42  Spore Crawler  
  91  8:46  Hydralisk  
  91  8:47  Hydralisk x14  
  108  8:51  Spore Crawler  
  108  8:53  Spore Crawler  
  98  8:57  Spore Crawler  
  69  9:27  Queen  
  71  9:41  Spore Crawler  
  71  9:42  Drone  
  71  9:43  Spore Crawler, Drone x14  
  84  10:02  Drone x2  
  84  10:03  Drone x3  
  84  10:28  Queen  
  84  10:43  Lurker x3  
  84  10:44  Lurker x2  
  84  10:46  Hydralisk  
  84  10:47  Hydralisk x12  
  114  11:15  Hydralisk  
  114  11:16  Hydralisk x3  
  114  11:18  Overlord x3  
  122  11:38  Hydralisk  
  122  11:39  Hydralisk x8  
  140  11:47  Overlord x2  
  140  11:50  Hydralisk x3  
  146  12:04  Evolution Chamber  
  146  12:08  Hydralisk x6, Evolution Chamber  
  156  12:19  Queen  
  158  12:30  Zerg Missile Weapons Level 1  
  158  12:33  Zerg Ground Armor Level 1  
  158  12:44  Spore Crawler  
  157  12:45  Spore Crawler  
  157  12:50  Hydralisk x2  
  157  12:51  Hydralisk  
  160  12:52  Overlord x3  
  160  12:53  Overlord  
  145  13:42  Hydralisk x8  
  145  13:43  Hydralisk x11  
  156  14:31  Overlord x3  
  156  14:35  Hydralisk x8  
  156  14:38  Zerg Missile Weapons Level 2, Zerg Ground Armor Level 2  
  172  14:50  Lurker x4  
  176  14:53  Lurker  
  177  15:31  Hatchery  
  72  16:47  Hydralisk  
  72  16:48  Hydralisk x20  
  112  17:47  Hydralisk  
  112  17:48  Hydralisk x14  
  142  18:02  Lurker  
  143  18:37  Extractor  
  143  18:40  Extractor  
  141  18:48  Pneumatized Carapace  
  141  18:54  Hydralisk x6  
  141  18:55  Hydralisk x9  
  171  19:04  Hydralisk  
  171  19:05  Hydralisk  
  171  19:07  Overlord  
  171  19:09  Hatchery  
  134  21:47  Corruptor x5  
  134  21:48  Corruptor x8  
Tags
 
Add a new tag
Caveats
  • Supply blocks, unpowered buildings, or Contaminate may cause inaccurate times.
  • Supply counts are checked every 10 seconds.